 Dungeon Crawl Stone Soup version 0.30-a0-394-g3e4acdb0ae (webtiles) character file.

Game seed: 16224486152258689652

268 NinjaNoafa the Sneak (level 6, 0/43 (47) HPs)
             Began as a Merfolk Monk on Dec 6, 2022.
             Slain by a hound (4 damage)
             ... on level 4 of the Dungeon.
             The game lasted 00:08:41 (4021 turns).

NinjaNoafa the Sneak (Merfolk Monk)                 Turns: 4021, Time: 00:08:42

HP:   0/43 (47)     AC:  5    Str: 11    XL:     6   Next: 21%
MP:   6/6           EV: 14    Int:  9    God:
Gold: 253           SH:  0    Dex: 19    Spells: 5/5 levels left

rFire   . . .      SeeInvis .    a - +0 dagger (speed)
rCold   . . .      Faith    .    (no shield)
rNeg    . . .      Spirit   .    A - +0 robe
rPois   .          Reflect  .    u - +2 helmet
rElec   .          Harm     .    (no cloak)
rCorr   +          Rampage  .    (no gloves)
Will    .....                    (no boots)
Stlth   ++++......               (no amulet)
HPRegen 0.27/turn                o - ring of resist corrosion
MPRegen 0.10/turn                x - ring of flight

@: flying, hasted, drained, very quick
A: (nimble swimmer 2), mertail
a: no special abilities


You were on level 4 of the Dungeon.
You visited 1 branch of the dungeon, and saw 5 of its levels.

You collected 253 gold pieces.

Inventory:

Hand Weapons
 a - a +0 dagger of speed (weapon)
 b - the +0 sling of Uskayaw's Approval {freeze, rF+ Will+ Dex+6}
   (You found it on level 3 of the Dungeon)

   Any ammunition fired from it freezes those it strikes, dealing additional
   cold damage.
   It can also slow down cold-blooded creatures.
   Dex:       It affects your dexterity (+6).
   rF:        It protects you from fire.
   Will:      It increases your willpower.
Missiles
 e - 13 stones
 t - 11 poisoned darts (quivered)
 C - 4 silver boomerangs
Armour
 h - a +0 kite shield
 u - a +2 helmet (worn)
 A - a +0 robe (worn)
Jewellery
 o - a ring of resist corrosion (left hand)
 x - a ring of flight (right hand)
 D - a ring of ice
Wands
 i - a wand of paralysis (2)
Scrolls
 d - a scroll of amnesia {unknown}
 f - a scroll of butterflies {unknown}
 j - 2 scrolls of noise {unknown}
 l - a scroll of silence {unknown}
 p - 3 scrolls of identify {unknown}
 q - a scroll of magic mapping {unknown}
 w - a scroll of summoning {unknown}
 y - a scroll of immolation {unknown}
 B - a scroll of enchant armour {unknown}
 E - a scroll of acquirement {unknown}
Potions
 c - a potion of might {unknown}
 g - 3 potions of curing
 k - 2 potions of haste
 m - a potion of mutation {unknown}
 n - 2 potions of degeneration {unknown}
 r - a potion of magic {unknown}
 s - 3 potions of lignification {unknown}
 v - a potion of brilliance {unknown}
 z - 2 potions of attraction {unknown}


   Skills:
 + Level 3.6 Fighting
 + Level 4.0 Short Blades
 + Level 4.4 Dodging
 - Level 7.0 Stealth


You had 5 spell levels left.
You didn't know any spells.
Your spell library contained the following spells:

 Spells                   Type           Power      Damage    Failure   Level
 Cigotuvi's Dreadful Rot  Necr/Pois/Air  0%         N/A       52%         2
 Dispel Undead            Necr           0%         3d6       99%         4
 Death Channel            Necr           0%         N/A       100%        6


Dungeon Overview and Level Annotations

Branches:
Dungeon (5/15)
 Temple: D:4-7

Altars:

Portals:
Abyss: D:4

Annotations:
D:4 2 transporters, zishaf's ghost, amateur TeAE
D:5 1 runed translucent door, Crazy Yiuf


Innate Abilities, Weirdness & Mutations

((You are very nimble when in or above water. (Stealth+, EV+, Speed+++)))
Your lower body shifts to a powerful aquatic tail in water.


Message History

You closely miss the hound.
The hound is moderately wounded.
The hound bites you.
You barely miss the hound.
The hound is moderately wounded.
The necrophage closely misses you. The hound closely misses you.
You barely miss the hound. You punch the hound, but do no damage.
The hound is moderately wounded.
The necrophage attacks as you move away!
The necrophage closely misses you. The hound bites you.
The hound bites you but does no damage.
The necrophage attacks as you move away!
The necrophage misses you. The hound barely misses you.
The hound barely misses you.
You hit the hound.
The hound is moderately wounded.
The hound bites you.
You hit the hound but do no damage.
The hound is moderately wounded.
The hound barely misses you.
You hit the hound but do no damage.
The hound is moderately wounded.
The hound bites you.
* * * LOW HITPOINT WARNING * * *
The necrophage closely misses you.
You hit the necrophage but do no damage.
The necrophage is severely damaged.
The hound bites you but does no damage.
You barely miss the necrophage.
The necrophage is severely damaged.
The necrophage closely misses you.
It was a potion of haste.
You feel yourself speed up. The hound bites you.
* * * LOW HITPOINT WARNING * * *
The hound misses you. The necrophage hits you.
* * * LOW HITPOINT WARNING * * *
The hound attacks as you move away! The hound bites you.
* * * LOW HITPOINT WARNING * * *
The hound attacks as you move away! The hound misses you. The hound bites you.
You die...

# #### ## #..# ##.
#..# #.. #@h# #..
#..# #.. #.n# #..
#..# #.. #..# ##.
#..# ##.
#..#############..
#....>..#.....##..
#.)............#..


You could see a necrophage and a hound.

Vanquished Creatures
  2 scorpions
  A howler monkey (D:4)
  An iguana (D:4)
  3 adders
  2 worms
  A dart slug (D:2)
  5 ball pythons
  An endoplasm (D:1)
  A giant cockroach (D:3)
  2 goblins
  3 hobgoblins
  9 jackals
  2 quokkas (D:4)
  5 bats
  5 kobolds
  4 rats
47 creatures vanquished.

Notes
Turn   | Place    | Note
-------+----------+-------------------------------------------
     0 | D:1      | NinjaNoafa the Merfolk Monk began the quest for the Orb.
     0 | D:1      | Reached XP level 1. HP: 18/18 MP: 1/1
    95 | D:1      | Found a faded altar of an unknown god.
   719 | D:1      | Reached skill level 3 in Stealth
   821 | D:2      | Reached XP level 2. HP: 24/24 MP: 2/2
   865 | D:2      | HP: 1/24 [hobgoblin (4)]
  1099 | D:2      | Reached skill level 4 in Stealth
  1099 | D:2      | Reached XP level 3. HP: 29/29 MP: 3/3
  2404 | D:3      | Reached XP level 4. HP: 35/35 MP: 4/4
  2474 | D:2      | Reached skill level 5 in Stealth
  2534 | D:3      | Identified the +0 sling of Uskayaw's Approval {freeze, rF+
                  | Will+ Dex+6}
  3170 | D:4      | Noticed a scorpion
  3195 | D:3      | Killed a scorpion
  3196 | D:3      | Reached skill level 6 in Stealth
  3196 | D:3      | Reached XP level 5. HP: 20/41 MP: 5/5
  3331 | D:4      | Found a transporter.
  3406 | D:4      | Found a transporter.
  3494 | D:4      | Reached skill level 7 in Stealth
  3560 | D:4      | Noticed a kobold brigand
  3713 | D:4      | Found a one-way gate to the infinite horrors of the Abyss.
  3713 | D:4      | Noticed zishaf's ghost (amateur TeAE)
  3729 | D:5      | Entered Level 5 of the Dungeon
  3788 | D:4      | Reached XP level 6. HP: 24/47 MP: 6/6
  3934 | D:5      | Found a runed translucent door.
  3935 | D:5      | Noticed Crazy Yiuf
  4021 | D:4      | Slain by a hound

Illustrated notes

Levels and vault maps discovered:
D:1:      shiori_arrival_elements, layout_basic,
          hellmonk_ecumenical_altar_lost_god
D:2:      layout_basic, kennysheep_nub
D:3:      layout_basic
D:4:      layout_rooms, gammafunk_ghost_abyssal_escape
D:5:      black_bear_nest_1, layout_gridville, uniq_crazy_yiuf_cottage,
          uniq_menkaure

Skill      XL: |  1  2  3  4  5 |
---------------+----------------+-----
Stealth        | 3 4 6 7 |  7.0
Short Blades   | 4 |  4.0
Fighting       | |  3.6
Dodging        | |  4.4

Action                   |  1- 3 |  4- 6 || total
-------------------------+-------+-------++-------
Melee: Short sword       |    21 |       ||    21
       Dagger            |   113 |   111 ||   224
       Punch             |       |     4 ||     4
 Fire: Sling             |       |    32 ||    32
Throw: Boomerang         |    29 |       ||    29
       Dart              |     7 |       ||     7
       Stone             |     1 |       ||     1
Evoke: Wand              |     1 |     2 ||     3
  Use: Potion            |       |     3 ||     3
 Stab: Sleeping          |     8 |     1 ||     9
       Paralysed         |     1 |     1 ||     2
Armor: Robe              |    17 |    31 ||    48
Dodge: Dodged            |    65 |   109 ||   174
Block: Kite shield       |    57 |       ||    57

Table legend: (Time is in decaauts)
 A = Elapsed time spent in this place.
 B = Non-inter-level travel time spent in this place.
 C = Inter-level travel time spent in this place.
 D = Time resting spent in this place.
 E = Time spent auto-exploring this place.
 F = Levels seen in this place.
 G = Mean time per level.
                   A        B        C        D        E       F      G
               +--------+--------+--------+--------+--------+-----+--------+
         Total |   3956 |   3744 |    212 |      4 |   2974 |   5 |  791.2 |
       Dungeon |   3956 |   3744 |    212 |      4 |   2974 |   5 |  791.2 |
               +--------+--------+--------+--------+--------+-----+--------+

Top non-repeatable levels by time:
     D:2: 1325 daAuts
     D:3: 1024 daAuts
     D:1: 802 daAuts
     D:4: 595 daAuts
     D:5: 208 daAuts
